 Dungeon Crawl Stone Soup version 0.26-a0-651-gb41185065b (webtiles) character file.

Game seed: 12092513806918144641

23 Lanoc the Chucker (level 3, -3/37 HPs)
             Began as an Ogre Hunter on Oct 21, 2020.
             Slain by a hobgoblin
             ... wielding a +0 club
              (6 damage)
             ... on level 2 of the Dungeon.
             The game lasted 00:01:09 (862 turns).

Lanoc the Chucker (Ogre Hunter)                      Turns: 862, Time: 00:01:10

Health: -3/37      AC:  3    Str: 16    XL:     3   Next: 0%
Magic:  3/3        EV: 10    Int: 12    God:
Gold:   14         SH:  0    Dex: 10    Spells: 2/2 levels left

rFire    . . .     SeeInvis .   a - +0 short sword
rCold    . . .     Faith    .   (no shield)
rNeg     . . .     Spirit   .   b - +0 robe
rPois    .         Reflect  .   (helmet restricted)
rElec    .         Harm     .   (no cloak)
rCorr    .         Rampage  .   (gloves unavailable)
MR       .....                  (boots unavailable)
Stlth    +.........             (no amulet)
HPRegen  0.12/turn              e - ring of wizardry
MPRegen  0.08/turn              (no ring)

@: no status effects
A: large, unfitting armour, tough skin 1
a: no special abilities


You were on level 2 of the Dungeon.
You visited 1 branch of the dungeon, and saw 2 of its levels.

You collected 14 gold pieces.

Inventory:

Hand Weapons
 a - a +0 short sword (weapon)
Missiles
 c - 5 large rocks (quivered)
 d - 2 throwing nets
Armour
 b - a +0 robe (worn)
Jewellery
 e - a ring of wizardry (left hand)
Scrolls
 f - a scroll of remove curse {unknown}
 g - a scroll of fog {unknown}
 j - a scroll of immolation {unknown}
Potions
 h - a potion of mutation {unknown}
 i - a potion of resistance {unknown}
 k - a potion of curing {unknown}


   Skills:
 + Level 3.2 Fighting
 * Level 4.4 Throwing
 + Level 2.1 Dodging
 - Level 0.6 Stealth


You had 2 spell levels left.
You didn't know any spells.
Your spell library was empty.

Dungeon Overview and Level Annotations

Branches:
Dungeon (2/15)

Altars:


Innate Abilities, Weirdness & Mutations

You are too large for most types of armour.
You have tough skin. (AC +1)


Message History

The hobgoblin is heavily wounded.
The bat misses you. The hobgoblin barely misses you.
The frilled lizard barely misses you.
You hit the hobgoblin.
The hobgoblin is almost dead.
The bat hits you but does no damage. The hobgoblin hits you with a +0 club!
* * * LOW HITPOINT WARNING * * *
The frilled lizard barely misses you.
You hit the frilled lizard.
You kill the frilled lizard!
The bat hits you but does no damage. The hobgoblin hits you with a +0 club.
* * * LOW HITPOINT WARNING * * *
You hit the bat.
You kill the bat!
You have reached level 3!
Your experience leads to an increase in your attributes!
Increase (S)trength, (I)ntelligence, or (D)exterity?
You feel agile.
You feel stronger. The hobgoblin hits you with a +0 club.
You die...

#.......#### .
##.......#
#.......##.
#...†..[...#
##.........##
#######....!....##
#.......##..^..##
.#.........(...##
......†@########
##....g## #...=.
#..... #.....
#..... #....<
#.....


You could see a hobgoblin.

Vanquished Creatures
  A ball python (D:1)
  3 goblins (D:1)
  2 hobgoblins (D:1)
  3 jackals (D:1)
  6 bats
  A frilled lizard (D:2)
  3 kobolds
  2 rats
21 creatures vanquished.

Notes
Turn   | Place    | Note
-------+----------+-------------------------------------------
     0 | D:1      | Lanoc the Ogre Hunter began the quest for the Orb.
     0 | D:1      | Reached XP level 1. HP: 22/22 MP: 1/1
   155 | D:1      | Reached XP level 2. HP: 10/29 MP: 2/2
   862 | D:2      | Reached XP level 3. HP: 3/37 MP: 3/3
   862 | D:2      | Slain by a hobgoblin

Illustrated notes

Levels and vault maps discovered:
D:1:      dpeg_arrival_simpleton_a, layout_basic, dk_noncrumbling_2
D:2:      layout_rooms, fedhas_altar_4, lemuel_coloured_pillars_altar

Skill      XL: |  1  2 |
---------------+-------+-----
Fighting       | 3 |  3.2
Dodging        | 2 |  2.1
Throwing       | |  4.4
Stealth        | |  0.6

Action                   || total
-------------------------++-------
Melee: Short sword       ||    97
Throw: Large rock        ||     5
Armor: Robe              ||    58
Dodge: Dodged            ||    96

Table legend: (Time is in decaauts)
 A = Elapsed time spent in this place.
 B = Non-inter-level travel time spent in this place.
 C = Inter-level travel time spent in this place.
 D = Time resting spent in this place.
 E = Time spent auto-exploring this place.
 F = Levels seen in this place.
 G = Mean time per level.
                   A        B        C        D        E       F      G
               +--------+--------+--------+--------+--------+-----+--------+
         Total |    874 |    870 |      4 |      0 |    657 |   2 |  437.0 |
       Dungeon |    874 |    870 |      4 |      0 |    657 |   2 |  437.0 |
               +--------+--------+--------+--------+--------+-----+--------+

Top non-repeatable levels by time:
     D:1: 828 daAuts
     D:2: 46 daAuts
